 Dungeon Crawl Stone Soup version 0.30.1-11-g7821555f0a (webtiles) character file.

Game seed: 5081434533313896957

1587081 Siveran the Middleweight Champion (level 27, 367/367 HPs)
             Began as a Green Draconian Transmuter on Dec 3, 2023.
             Was an Initiate of Gozag.
             Escaped with the Orb
             ... and 3 runes on Dec 5, 2023!
             The game lasted 07:26:09 (80663 turns).

Siveran the Middleweight Champion (DrTm)           Turns: 80663, Time: 07:26:09

Health: 367/367    AC: 23    Str: 31    XL:     27
Magic:  26/36      EV: 22    Int: 13    God:    Gozag
Gold:   5273       SH:  5    Dex: 13    Spells: 7/44 levels left

rFire   + +          .
                       - Unarmed
rCold   . . .        F - melded +3 buckler {AC+3}
rNeg    + + +        (body armour unavailable)
rPois   +            W - melded +2 hood of the Assassin {Detect Stab+ Stlth++}
rElec   +            U - melded +2 cloak {Will+}
rCorr   .            x - melded +0 pair of gloves of Okawaru's Respect {rN+ Int+3 Dex+2 Stlth+}
SInv    +            A - melded +2 pair of boots
Will    +++..        N - amulet of Dypnog {Reflect rN+++ Will+ Int-5 Dex-2 SH+5}
Stlth   +            q - ring "Binoug" {rF++ EV+5 Slay+2 Stlth+}
HPRegen 2.41/turn    Z - ring "Podahal" {rElec SInv}
MPRegen 0.25/turn

%: reflection
@: dragon-form, flying, studying 3 skills
A: dragon claw, dragon scales, flying, boosted hp, breathe noxious fumes, AC
+13, giant, unfitting armour, stinger 2, (poison resistance), (cold-blooded),
clever 1, (fire resistance 2), frail 1, regeneration 2, evolution 1
0: Orb of Zot
}: 3/15 runes: decaying, silver, gossamer
a: Breathe Noxious Fumes, End Transformation, Renounce Religion, Potion
Petition, Call Merchant, Bribe Branch


You escaped.
You worshipped Gozag.
Gozag was greatly pleased with you.
You were a fearsome swamp dragon!
You visited 12 branches of the dungeon, and saw 55 of its levels.
You visited the Abyss 3 times.
You also visited: Ice Cave and Wizlab.

You collected 31161 gold pieces.
You spent 6302 gold pieces at shops.
You paid 19586 gold pieces to Gozag.

Inventory:

Missiles
 h - 8 throwing nets
 r - 8 curare-tipped darts
Armour
 x - the +0 pair of gloves of Okawaru's Respect (melded) {rN+ Int+3 Dex+2 Stlth+}
   (You acquired it on level 12 of the Dungeon)

   Int:       It affects your intelligence (+3).
   Dex:       It affects your dexterity (+2).
   rN:        It protects you from negative energy.
   Stlth:     It makes you more stealthy.
 A - a +2 pair of boots (melded)
 F - a +3 buckler of protection (melded)
 U - a +2 cloak of willpower (melded)
 W - the +2 hood of the Assassin (melded) {Detect Stab+ Stlth++}
   (You bought it in a shop on level 15 of the Dungeon)

   Detect:    It allows the wearer to sense nearby creatures.
   Stab+:     It allows the wearer to make particularly effective stabbing
   attacks against helpless or unaware enemies with any weapon.
   Stlth:     It makes you much more stealthy.
Jewellery
 l - the ring "Oqaciy" {rC+ Int+3 SInv}
   (You found it on level 3 of the Crypt)

   [ring of see invisible]

   Int:       It affects your intelligence (+3).
   rC:        It protects you from cold.
   SInv:      It lets you see invisible.
 m - the ring of Litad {Fly rN+ Dex+3}
   (You bought it in a shop on level 4 of the Spider Nest)

   [ring of flight]

   Dex:       It affects your dexterity (+3).
   rN:        It protects you from negative energy.
   Fly:       It grants you flight.
 q - the ring "Binoug" (left foreclaw) {rF++ EV+5 Slay+2 Stlth+}
   (You found it on level 3 of the Elven Halls)

   [ring of evasion]

   EV:        It affects your evasion (+5).
   Slay:      It affects your accuracy & damage with ranged weapons and melee
   (+2).
   rF:        It greatly protects you from fire.
   Stlth:     It makes you more stealthy.
 u - a ring of resist corrosion
 B - the ring of Ekhleing {rElec rPois rF+ rN+ Int+3}
   (You found it on level 3 of the Crypt)

   [ring of positive energy]

   Int:       It affects your intelligence (+3).
   rF:        It protects you from fire.
   rElec:     It insulates you from electricity.
   rPois:     It protects you from poison.
   rN:        It protects you from negative energy.
 D - the ring of Wotelypaet {rPois rC+ rN+ Str+2 Slay+2}
   (You acquired it on level 12 of the Dungeon)

   [ring of positive energy]

   Str:       It affects your strength (+2).
   Slay:      It affects your accuracy & damage with ranged weapons and melee
   (+2).
   rC:        It protects you from cold.
   rPois:     It protects you from poison.
   rN:        It protects you from negative energy.
 N - the amulet of Dypnog (around neck) {Reflect rN+++ Will+ Int-5 Dex-2 SH+5}
   (You found it on level 5 of the Lair of Beasts)

   [amulet of reflection]

   It reflects blocked missile attacks.
   Int:       It affects your intelligence (-5).
   Dex:       It affects your dexterity (-2).
   rN:        It renders you almost immune to negative energy.
   SH:        It affects your SH (+5).
   Will:      It increases your willpower.
 T - the amulet of Viydoff {Acrobat Rampage +Inv MP+9}
   (You acquired it on level 3 of the Elven Halls)

   [amulet of the acrobat]

   It increases your evasion while moving and waiting.
   MP:        It affects your magic capacity (+9).
   +Inv:      It lets you turn invisible.
   Rampage:   It bestows one free step when moving towards enemies.
 Z - the ring "Podahal" (right foreclaw) {rElec SInv}
   (You bought it in a shop on level 2 of the Orcish Mines)

   [ring of see invisible]

   rElec:     It insulates you from electricity.
   SInv:      It lets you see invisible.
Wands
 y - a wand of quicksilver (30)
 E - a wand of polymorph (39)
 G - a wand of roots (81)
 H - a wand of mindburst (58)
 M - a wand of paralysis (62)
 S - a wand of digging (27)
Scrolls
 b - 13 scrolls of teleportation
 c - a scroll of summoning
 d - 6 scrolls of silence
 k - 4 scrolls of blinking
 o - 14 scrolls of poison
 t - 3 scrolls of enchant armour
 w - 10 scrolls of immolation
 I - a scroll of brand weapon
 L - 8 scrolls of amnesia
 O - 5 scrolls of fog
 P - 12 scrolls of fear
 Q - 7 scrolls of magic mapping
Potions
 a - 12 potions of lignification
 e - 36 potions of curing
 f - 15 potions of flight
 g - 9 potions of haste
 i - 5 potions of magic
 j - 5 potions of attraction
 n - 2 potions of cancellation
 p - 4 potions of invisibility
 s - 5 potions of berserk rage
 v - 12 potions of mutation
 z - 9 potions of brilliance
 J - 11 potions of might
 K - 9 potions of ambrosia
 R - 6 potions of resistance
 X - 5 potions of heal wounds
Miscellaneous
 V - a phantom mirror


   Skills:
 O Level 27 Fighting
 + Level 23.9 Dodging
 - Level 3.4 Stealth
 - Level 2.0 Shields
 O Level 27 Unarmed Combat
 - Level 9.0 Spellcasting
 - Level 6.0 Translocations
 - Level 18.5 Transmutations
 - Level 4.0 Air Magic
 - Level 3.0 Poison Magic
 - Level 10.0 Evocations


You had 7 spell levels left.
You knew the following spells:

 Your Spells              Type           Power      Damage    Failure   Level
a - Beastly Appendage     Tmut           100%       N/A       0%          1
b - Wereblood             Tmut           52%        N/A       0%          2
c - Summon Small Mammal   Summ           20%        N/A       12%         1
d - Spider Form           Tmut/Pois      33%        N/A       1%          3
e - Blade Hands           Tmut           26%        N/A       1%          5
f - Ignite Poison         Fire/Tmut/Pois 24%        N/A       1%          3
g - Dragon Form           Tmut           26%        N/A       4%          7
h - Irradiate             Conj/Tmut      15%        3d16      8%          5
i - Lesser Beckoning      Tloc           42%        N/A       1%          2
j - Alistair's Intoxicat  Tmut/Pois      22%        N/A       4%          5
k - Vhi's Electric Charg  Tloc/Air       36%        N/A       4%          3

Your spell library contained the following spells:

 Spells                   Type           Power      Damage    Failure   Level
 Apportation              Tloc           42%        N/A       1%          1
 Sting                    Tmut/Pois      100%       1d8       1%          1
 Passwall                 Tmut/Erth      25%        N/A       1%          2
 Ice Form                 Ice/Tmut       30%        N/A       2%          4
 Petrify                  Tmut/Erth      30%        N/A       2%          4
 Gell's Gravitas          Tloc           21%        N/A       3%          3
 Teleport Other           Tloc           21%        N/A       3%          3
 Poisonous Vapours        Pois/Air       28%        N/A       4%          2
 Shock                    Conj/Air       44%        1d5       5%          1
 Cigotuvi's Dreadful Rot  Necr/Pois/Air  22%        N/A       8%          2
 Yara's Violent Unravell  Hex/Tmut       15%        3d8       8%          5
 Static Discharge         Conj/Air       22%        2-3/arc   9%          2
 Passage of Golubria      Tloc           21%        N/A       11%         4
 Freeze                   Ice            20%        1d4       12%         1
 Kiss of Death            Conj/Necr      20%        2d7       12%         1
 Necrotise                Necr           20%        1d5       12%         1
 Sandblast                Erth           10%        2d5       12%         1
 Call Imp                 Summ           10%        N/A       19%         2
 Searing Ray              Conj           10%        2d4       19%         2
 Sublimation of Blood     Necr           5%         N/A       19%         2
 Airstrike                Air            8%         2d(2-18)  24%         4
 Olgreb's Toxic Radiance  Pois           13%        N/A       34%         4
 Call Canine Familiar     Summ           5%         N/A       36%         3
 Confusing Touch          Hex            5%         N/A       36%         3
 Dazzling Flash           Conj/Hex       10%        N/A       36%         3
 Frozen Ramparts          Ice            10%        1d2       36%         3
 Hailstorm                Conj/Ice       5%         3d4       36%         3
 Inner Flame              Hex/Fire       5%         N/A       36%         3
 Ozocubu's Armour         Ice            5%         N/A       36%         3
 Stone Arrow              Conj/Erth      10%        3d7       36%         3
 Summon Guardian Golem    Hex/Summ       5%         N/A       36%         3
 Tukima's Dance           Hex            5%         N/A       36%         3
 Statue Form              Tmut/Erth      20%        N/A       38%         6
 Summon Lightning Spire   Summ/Air       11%        N/A       47%         4
 Summon Forest            Summ/Tloc      6%         N/A       69%         5
 Storm Form               Tmut/Air       17%        N/A       71%         7
 Anguish                  Hex/Necr       2%         N/A       77%         4
 Cause Fear               Hex            2%         N/A       77%         4
 Dispel Undead            Necr           5%         3d7       77%         4
 Summon Ice Beast         Ice/Summ       5%         N/A       77%         4
 Arcjolt                  Conj/Air       5%         1d15      83%         5
 Silence                  Hex/Air        5%         N/A       83%         5
 Freezing Cloud           Conj/Ice/Air   4%         6-21      90%         5
 Agony                    Necr           5%         N/A       98%         5
 Borgnjor's Vile Clutch   Necr/Erth      2%         N/A       98%         5
 Iskenderun's Battlesphe  Conj           5%         2d6       98%         5
 Summon Mana Viper        Hex/Summ       5%         N/A       98%         5
 Death Channel            Necr           2%         N/A       100%        6
 Iron Shot                Conj/Erth      2%         9d2       100%        6
 Plasma Beam              Fire/Air       5%         2x1d17    100%        6
 Summon Cactus Giant      Summ           2%         N/A       100%        6
 Enfeeble                 Hex            2%         N/A       100%        7
 Haunt                    Necr/Summ      2%         N/A       100%        7
 Malign Gateway           Summ/Tloc      6%         N/A       100%        7
 Monstrous Menagerie      Summ           2%         N/A       100%        7
 Ozocubu's Refrigeration  Ice            2%         4d8       100%        7
 Spellforged Servitor     Conj/Summ      2%         N/A       100%        7
 Summon Hydra             Summ           2%         N/A       100%        7
 Borgnjor's Revivificati  Necr           2%         N/A       100%        8
 Infestation              Necr           2%         N/A       100%        8
 Lehudib's Crystal Spear  Conj/Erth      2%         10d2      100%        8
 Maxwell's Capacitive Co  Air            8%         ∞         100%        8
 Necromutation            Tmut/Necr      15%        N/A       100%        8
 Chain Lightning          Conj/Air       5%         3d7       100%        9
 Death's Door             Necr           2%         N/A       100%        9
 Dragon's Call            Summ           2%         N/A       100%        9
 Fire Storm               Conj/Fire      2%         8d1       100%        9
 Shatter                  Erth           2%         3d6*      100%        9
 Animate Armour           Summ/Erth      Unusable   N/A       N/A         4
 Animate Dead             Necr           Unusable   N/A       N/A         4

Dungeon Overview and Level Annotations

Branches:
Dungeon (15/15)            Temple (1/1) D:7            Lair (5/5) D:10
  Swamp (4/4) Lair:3       Spider (4/4) Lair:2        Slime (4/5) Lair:5
    Orc (2/2) D:9             Elf (3/3) Orc:2        Vaults (5/5) D:14
  Crypt (3/3) Vaults:3       Tomb (0/3) Crypt:3      Depths (4/4) D:15
    Zot (5/5) Depths:4      IceCv (visited)          WizLab (visited)

Altars:
Ashenzari
Cheibriados
Dithmenos
Elyvilon
Fedhas
Gozag
Hepliaklqana
Kikubaaqudgha
Makhleb
Nemelex Xobeh
Okawaru
Qazlal
Ru
Sif Muna
Trog
Uskayaw
Vehumet
Wu Jian
Xom
Zin
The Shining One
Lugonu

Shops:
D:6 [   D:8 ?   D:15 :!??[   Orc:2 (!=[=   Lair:2 =   Lair:4 [   Lair:5 [*?*[=
Spider:4 =   Vaults:1 [   Vaults:2 *   Vaults:5 ?   Zot:5 **   Depths:1 *

Portals:
Hell: Depths:1 Depths:2 Depths:3 Depths:4
Abyss: Lair:4 Swamp:1 Depths:3
Pandemonium: Depths:2 Depths:3
Ziggurat: Depths:2

Annotations:
D:2 Natasha
D:15 Roxanne
Lair:2 exclusion: downstairs
Swamp:1 2 transporters, Tang's ghost, journeyman VSBr
Elf:1 3 runed translucent doors
Elf:2 1 runed translucent door
Vaults:1 Saint Roka
Crypt:1 2 transporters
Depths:1 2 transporters, Kabe's ghost, veteran BaIE
Depths:3 3 runed translucent doors, exclusion: obsidian statue, Brickman's ghost, adept FeBe


Innate Abilities, Weirdness & Mutations

You are a fearsome swamp dragon!
You have a powerful clawing attack.
Your giant scaled body is strong and resiliant, but less evasive.
Your breath weapon is enhanced in this form.
You are flying.
Your maximum health is greatly increased.
Your armour is entirely melded.
You are incapable of wielding weapons or throwing items.
You can breathe blasts of noxious fumes.
Your lurid green scales are hard. (AC +13)
You cannot fit into any form of body armour.
Your tail ends in a sharp venomous barb.
((Your system is resistant to poisons. (rPois)))
((You are cold-blooded and may be slowed by cold attacks.))
Your mind is acute. (Int +4, Str/Dex -1)
((Your flesh is very heat resistant. (rF++)))
You are frail. (-10% HP)
You heal very quickly.
You have hidden genetic potential.


Message History

(H) Hell (Z) Zot
Where to? (Enter - D:1 @ (x,y), ? - help)
Okay, then.
(D) Dungeon (T) Temple (L) Lair (S) Swamp (N) Spider Nest (M) Slime Pits (O) Orcish Mines (E) Elven Halls (V) Vaults (C) Crypt (W) Tomb (U) Depths (H) Hell (Z) Zot
Where to? (Enter - D:1 @ (x,y), ? - help)
There is a stone staircase leading up here.
You fly upwards.
There is a stone staircase leading down here.
Magic restored.
A balrug and 3 sun demons come into view.
The balrug is wielding a +1 demon whip of electrocution.
The sun demon shouts! x2
Blink to where?
Press: ? - help, Dir - move target
As you read the scroll of blinking, it crumbles to dust.
Your transformation is almost over.
There is an open door here.
A sun demon is nearby!
Your transformation has ended.
Your +2 cloak of willpower unmelds from your body.
The +2 hood of the Assassin {Detect Stab+ Stlth++} unmelds from your body.
The +0 pair of gloves of Okawaru's Respect {rN+ Int+3 Dex+2 Stlth+} unmelds from your body.
Your +2 pair of boots unmelds from your body.
Your +3 buckler of protection unmelds from your body.
You feel strong-willed.
You feel protected.
An Orb Guardian comes into view.
There is a staircase leading out of the dungeon here.
Casting: Vhi's Electric Charge (mildly dangerous; 4% risk of failure)
Confirm with . or Enter, or press ? or * to list all spells.
You turn into a fearsome swamp dragon!
Your +2 cloak of willpower melds into your body.
The +2 hood of the Assassin {Detect Stab+ Stlth++} melds into your body.
The +0 pair of gloves of Okawaru's Respect {rN+ Int+3 Dex+2 Stlth+} melds into your body.
Your +2 pair of boots melds into your body.
Your +3 buckler of protection melds into your body.
You feel less strong-willed.
You feel less protected.
You have escaped!

##.).## ♣.....♣ #.#.#.#
##.....#####♣.♣♣♣.♣♣ #.....#
#..........#♣.♣P...♣♣
#...###
##.....##..#♣.♣♣...P♣♣♣#.###
##...###..#♣.♣P.⌠...P♣#.# #
##.## ####♣.♣....P♣.♣### #
### ♣....♣P♣♣.♣#### #
♣...♣♣♣♣♣.♣#..####
♣D3.3.3.X..'X.....
♣♣♣♣♣♣♣♣♣♣♣#..#### #.## #
#.# # #.### # #..># #####.##
#.....§## #.......#


You could see an Orb Guardian and 3 sun demons.

Vanquished Creatures
  Dissolution (Slime:3)
  2 dread liches
  An orb of fire (Zot:5)
  2 ancient liches
  Mennas (Vaults:3)
  Mara (Vaults:5)
  4 juggernauts (Depths:3)
  Bai Suzhen (Spider:4)
  Vv (Depths:3)
  Parghit (Zot:2)
  A shard shrike (Zot:2)
  A Killer Klown (Zot:5)
  A curse toe (Zot:1)
  5 golden dragons
  Jory (Crypt:3)
  3 Tzitzimimeh (Zot:2)
  2 bone dragons (Depths:4)
  3 doom hounds (Zot:2)
  25 tentacled monstrosities
  4 electric golems
  A pandemonium lord (Depths:1)
  Jorgrun (Swamp:3)
  Rupert (Lair:3)
  A hellephant (Depths:3)
  Asterion (Elf:3)
  A Hell Sentinel (Abyss:3)
  12 Orb Guardians (Zot:5)
  7 liches
  9 quicksilver dragons
  11 acid blobs
  4 deep elf master archers (Elf:3)
  3 titans
  Grunn (Zot:2)
  A walking frostbound tome (Depths:4)
  3 ancient champions
  13 death cobs
  Kirke (D:15)
  Agnes (Spider:3)
  4 tentacled starspawn (Abyss:3)
  11 sphinxes
  3 thorn hunters
  Donald (Swamp:1)
  3 tengu reavers
  8 storm dragons
  4 azure jellies
  A rockslime (Slime:1)
  6 shadow dragons
  7 draconian monks
  4 fenstrider witches (Swamp:4)
  7 draconian knights
  11 fire giants
  5 draconian scorchers
  9 deep elf sorcerers
  A demonspawn warmonger (D:2)
  2 revenants
  A caustic shrike zombie (Crypt:3)
  2 emperor scorpions (Spider:4)
  14 ghost moths
  2 iron dragons
  A curse skull (Crypt:3)
  17 vault wardens
  4 frost giants
  10 draconian shifters
  9 ghouls
  A balrug (Zot:2)
  Aizul (Vaults:3)
  3 reapers
  A demonspawn blood saint (D:2)
  7 draconian stormcallers
  9 deep elf elementalists (Elf:3)
  A caustic shrike skeleton (Crypt:1)
  20 ironbound preservers
  4 war gargoyles
  7 draconian annihilators
  A juggernaut zombie (Crypt:1)
  An orc warlord (Vaults:4)
  40 very ugly things
  A spriggan defender (Depths:3)
  7 eleionomae
  2 broodmothers (Spider:4)
  3 quicksilver oozes (Slime:2)
  8 ironbound thunderhulks
  19 black draconians
  14 vampire knights
  8 green draconians
  14 stone giants
  Nessos (Lair:4)
  Azrael (Spider:1)
  7 deep elf annihilators
  21 yellow draconians
  18 red draconians
  16 white draconians
  3 bunyips
  9 purple draconians
  2 green deaths (Swamp:4)
  8 dire elephants
  7 eidola
  19 ettins
  A blizzard demon (D:2)
  A crystal guardian (WizLab)
  6 spark wasps
  8 deep elf death magi
  11 fire dragons
  10 jiangshi
  A mummy priest (Crypt:3)
  12 yaktaur captains
  12 great orbs of eyes
  8 deep elf high priests (Elf:3)
  9 entropy weavers
  3 shambling mangroves
  5 ice dragons
  Harold (Orc:1)
  4 rakshasas
  30 vault guards
  A jorogumo (Spider:2)
  6 peacekeepers (WizLab)
  A catoblepas (shapeshifter) (Vaults:5)
  18 hydras
  A merfolk avatar (Swamp:2)
  Erolcha (Orc:2)
  8 radroaches
  6 ogre magi
  2 catoblepae
  3 spriggan air magi
  16 ironbound frosthearts
  5 death knights
  6 boulder beetles
  A hell beast (D:10)
  36 dancing weapons
  7 alligators
  8 deep troll shamans
  A two-headed ogre (shapeshifter) (Vaults:5)
  6 centaur warriors
  5 death yaks
  5 two-headed ogres
  A bennu skeleton (Crypt:1)
  2 naga warriors (Abyss:3)
  10 deep troll earth magi
  3 tengu warriors
  11 hell hogs (Depths:3)
  11 vampire magi
  5 spriggan berserkers
  A hell knight (Vaults:5)
  A spectral dire elephant (Lair:5)
  2 storm dragon zombies (Crypt:3)
  3 sun demons
  3 orc high priests
  9 thrashing horrors (Abyss:3)
  5 wretched stars (Abyss:3)
  Sonja (D:11)
  A titan skeleton (Vaults:4)
  3 skysharks
  14 deep elf knights
  2 shadow wraiths (Crypt:3)
  14 iron trolls
  5 soul eaters
  12 skeletal warriors
  2 shadow demons (Crypt:3)
  4 golden dragon zombies (Crypt:3)
  A cherub (D:10)
  6 goliath frogs
  5 pharaoh ants
  A spatial maelstrom (Abyss:3)
  A storm dragon skeleton (Vaults:2)
  2 bunyip zombies (Crypt:3)
  69 deep trolls
  5 sun moths
  2 flayed ghosts
  A sixfirhy (Swamp:4)
  An iron giant skeleton (Crypt:3)
  A spectral anaconda (Lair:5)
  8 orb spiders
  2 death drakes
  5 swamp dragons
  5 spriggan druids
  A tengu zombie (Vaults:2)
  An anaconda zombie (Crypt:3)
  10 bog bodies
  An obsidian statue (Lair:5)
  12 wizards
  A bunyip skeleton (Crypt:1)
  5 glowing orange brains
  30 ironbound convokers
  8 lindwurms
  5 deep elf archers
  A lindwurm (shapeshifter) (D:14)
  12 orc sorcerers
  14 phantasmal warriors
  A steelbarb worm (Lair:2)
  4 starcursed masses (Abyss:3)
  15 orc knights
  32 deep elf zephyrmancers
  9 necromancers
  2 wolf spider zombies
  A harpy (shapeshifter) (D:13)
  An iron dragon zombie (Crypt:2)
  26 deep elf pyromancers
  4 shining eyes
  26 wolf spiders
  40 ugly things
  7 cyclopes (D:15)
  A stone giant zombie (Vaults:4)
  6 manticores
  5 will-o-the-wisps
  4 salamanders
  6 centaur zombies
  A rust devil (Depths:1)
  28 moths of wrath
  A guardian serpent (Abyss:3)
  21 vault sentinels
  2 dire elephant zombies
  Maurice (D:13)
  14 elephants
  8 black mambas
  A stone giant skeleton (Vaults:4)
  3 eyes of devastation
  5 smoke demons
  5 demonic crawlers
  An unseen horror (shapeshifter) (D:14)
  A shock serpent skeleton (Crypt:1)
  2 molten gargoyles (WizLab)
  Joseph (D:7)
  A naga mage (D:15)
  4 orange demons (Swamp:4)
  A torpor snail (Spider:1)
  9 gargoyles
  An unseen horror (D:11)
  An alligator snapping turtle zombie (Crypt:2)
  7 cane toads
  A red draconian zombie (Crypt:3)
  A rime drake (Lair:1)
  Psyche (D:8)
  2 dire elephant skeletons
  A hellion (Abyss:3)
  4 kobold demonologists
  9 komodo dragons
  11 freezing wraiths
  18 yaktaurs
  2 tengu conjurers
  An anaconda simulacrum (IceCv)
  A white draconian skeleton (Crypt:3)
  An ice devil (IceCv)
  An ancient zyme (Abyss:3)
  A harpy zombie (Crypt:3)
  A tormentor (Zot:2)
  A death drake zombie (Crypt:2)
  A queen bee (shapeshifter) (D:15)
  11 trolls
  A meliai (shapeshifter) (D:15)
  3 bloated husks
  3 hellwings
  4 meliai
  An ettin zombie (Vaults:2)
  4 polar bears
  22 hornets
  17 tarantellas
  A tengu simulacrum (Vaults:4)
  A wolf spider simulacrum (D:15)
  A harpy skeleton (Crypt:3)
  9 raiju (Abyss:3)
  4 large abominations (Abyss:3)
  9 tyrant leeches
  4 dream sheep (Lair:4)
  A fire giant simulacrum (Vaults:4)
  19 jumping spiders
  4 blink frogs (Lair:3)
  7 flying skulls
  85 slime creatures
  A shadow (D:11)
  5 wraiths
  A culicivora (shapeshifter) (Vaults:5)
  2 ynoxinuls (Abyss:3)
  4 small abominations (Abyss:3)
  Sigmund (D:3)
  22 vampires
  17 spriggans
  2 water elementals
  6 wyverns
  22 culicivoras
  4 fire elementals
  A golden eye (shapeshifter) (Elf:1)
  16 yaks
  4 golden eyes (Slime:3)
  5 basilisks
  3 hogs (D:15)
  An elf simulacrum (Vaults:4)
  A dire elephant simulacrum (Lair:5)
  A steam dragon (Lair:2)
  41 redbacks
  2 chaos spawn
  A black mamba skeleton (Crypt:1)
  2 human simulacra
  14 vampire mosquitoes
  3 neqoxecs
  A spectral cane toad (Lair:5)
  A harpy simulacrum (D:15)
  14 swamp worms
  10 wargs
  A naga (Abyss:3)
  A human zombie (Vaults:2)
  A hydra simulacrum (Crypt:1)
  A naga zombie (Abyss:3)
  2 spatial vortices (Abyss:3)
  2 acid dragons
  15 water moccasins
  Duvessa (D:7)
  7 hell hounds
  A human skeleton (Vaults:4)
  A floating eye (Depths:2)
  A floating eye (shapeshifter) (Depths:4)
  A black bear (D:4)
  2 glowing shapeshifter skeletons (Vaults:2)
  24 orc warriors
  A swamp drake (Swamp:1)
  2 sky beasts
  A black bear (shapeshifter) (D:13)
  17 wolves
  6 boggarts
  6 centaurs
  11 ogres
  2 manticore skeletons
  A phantom (D:6)
  4 kobold brigands (D:9)
  A vine stalker zombie (Crypt:1)
  11 bullfrogs
  9 earth elementals
  4 gnoll sergeants
  6 necrophages
  2 scorpions
  A glowing shapeshifter simulacrum (Vaults:2)
  3 two-headed ogre simulacra
  Dowan (D:7)
  A queen bee zombie (Crypt:2)
  3 troll zombies (Swamp:3)
  2 elephant simulacra
  A water moccasin skeleton (Crypt:3)
  9 killer bees
  6 electric eels
  2 troll skeletons (Swamp:3)
  4 howler monkeys
  3 jellies
  A wolf skeleton (Crypt:3)
  2 quasits (Abyss:3)
  An iron imp (Abyss:3)
  8 hounds
  3 gnoll boudas
  14 orc priests
  Crazy Yiuf (D:5)
  6 iguanas
  Jessica (D:3)
  A sleepcap (D:6)
  34 orc wizards
  3 troll simulacra
  2 lightning spires (WizLab)
  2 spriggan simulacra
  A naga skeleton (Crypt:2)
  18 gnolls
  4 adders
  A naga simulacrum (IceCv)
  2 river rats (Lair:3)
  2 shadow imps (D:6)
  3 white imps
  3 ufetubi
  An adder skeleton (Crypt:1)
  3 dart slugs
  75 orcs
  7 ball pythons
  5 endoplasms
  2 giant cockroaches (D:1)
  5 goblins
  9 hobgoblins
  8 jackals
  2 quokkas (D:1)
  7 bats
  3 frilled lizards
  2 goblin skeletons (Crypt:3)
  14 kobolds
  An orc skeleton (Crypt:2)
  5 rats
  A lurking horror (Lair:4)
  3 starspawn tentacles (Abyss:3)
2403 creatures vanquished.

Vanquished Creatures (collateral kills)
  4 orbs of fire (Zot:5)
  An ancient lich (Zot:5)
  An Ice Fiend (Zot:5)
  6 Orb Guardians (Zot:5)
  A hellwing (Zot:5)
  A ynoxinul (Zot:5)
  A killer bee (D:8)
  A worm (D:3)
  An endoplasm (D:1)
  A hobgoblin (D:1)
  A rat (D:2)
19 creatures vanquished.

Vanquished Creatures (others)
  A Killer Klown (Zot:5)
  6 Orb Guardians (Zot:5)
  A death cob (Zot:5)
  A swamp dragon (Swamp:3)
  A spriggan druid (Swamp:3)
  4 bloated husks
  A tarantella (Spider:4)
  An orc warrior (Vaults:5)
  2 orc wizards (Orc:2)
  8 foxfires
  3 starspawn tentacles (Abyss:3)
29 creatures vanquished.

Grand Total: 2451 creatures vanquished

Notes
Turn   | Place    | Note
-------+----------+-------------------------------------------
     0 | D:1      | Siveran the Draconian Transmuter began the quest for the
                  | Orb.
     0 | D:1      | Reached XP level 1. HP: 16/16 MP: 3/3
    78 | D:1      | Reached XP level 2. HP: 23/23 MP: 1/5
   205 | D:1      | Learned a level 2 spell: Wereblood
   207 | D:1      | Learned a level 1 spell: Summon Small Mammal
   209 | D:1      | Found a faded altar of an unknown god.
   498 | D:1      | Reached XP level 3. HP: 29/29 MP: 3/6
   506 | D:1      | Reached skill level 1 in Stealth
   911 | D:2      | Noticed Natasha
  1789 | D:3      | Noticed Sigmund
  1863 | D:3      | Noticed Jessica
  1874 | D:3      | Killed Jessica
  1875 | D:3      | Reached XP level 4. HP: 35/36 MP: 4/7
  2318 | D:4      | Noticed an ogre
  2322 | D:4      | Reached skill level 5 in Unarmed Combat
  2322 | D:4      | Reached XP level 5. HP: 15/41 MP: 0/8
  2327 | D:4      | Identified the +8 long sword "Tiapitto" {freeze, rElec rF-
                  | rN++ Str+3}
  2327 | D:4      | Noticed a centaur
  2330 | D:4      | Killed an ogre
  2444 | D:4      | Noticed a black bear
  2816 | D:4      | Learned a level 3 spell: Spider Form
  2957 | D:4      | Killed a centaur
  2958 | D:4      | Reached skill level 1 in Poison Magic
  2958 | D:4      | Reached XP level 6. HP: 45/48 MP: 9/9
  3402 | D:5      | Entered Level 5 of the Dungeon
  3408 | D:5      | You fall into a shaft and drop 2 floors!
  3553 | D:6      | Your scales start taking on a lurid green colour.
  3553 | D:6      | Reached XP level 7. HP: 53/55 MP: 4/10
  3553 | D:6      | Gained mutation: Your system is resistant to poisons.
                  | (rPois) [Green Draconian growth]
  4013 | D:6      | Got the Book of Excavation
  4288 | D:6      | Reached XP level 8. HP: 46/61 MP: 3/11
  4521 | D:6      | Found Lyidok's Antique Armour Boutique.
  4873 | D:7      | Noticed Joseph
  5215 | D:7      | Noticed Dowan
  5313 | D:7      | Killed Joseph
  5314 | D:7      | Reached skill level 10 in Unarmed Combat
  5727 | D:7      | Noticed Duvessa
  5784 | D:8      | Reached XP level 9. HP: 67/67 MP: 12/12
  5831 | D:8      | Noticed Psyche
  5844 | D:8      | Killed Psyche
  6364 | D:8      | Reached skill level 5 in Transmutations
  6458 | D:8      | Reached XP level 10. HP: 70/73 MP: 11/13
  6601 | D:6      | Bought a pair of steaming boots for 209 gold pieces
  6601 | D:6      | Identified the +1 pair of boots of Beauty {Harm rN+} (You
                  | bought it in a shop on level 6 of the Dungeon)
  7104 | D:5      | Identified the +2 hammer "Uzueg" {venom, rN++ SInv}
  7107 | D:5      | Found a runed translucent door.
  7108 | D:5      | Noticed Crazy Yiuf
  7116 | D:5      | Killed Crazy Yiuf
  7640 | D:3      | Killed Sigmund
  7923 | D:7      | Killed Duvessa
  7924 | D:7      | Killed Dowan
  8151 | D:7      | Found a staircase to the Ecumenical Temple.
  8160 | Temple   | Entered the Ecumenical Temple
  8279 | Temple   | Became a worshipper of Gozag Ym Sagoz the Greedy
  8370 | D:8      | Found Uqoig's Magic Scroll Emporium.
  8518 | D:8      | Identified the +1 robe of Love and Death {Harm Rampage
                  | *Slow Int-3}
  8824 | D:9      | Found a large runed translucent door.
  8824 | D:9      | Found a large runed translucent door.
  8960 | D:9      | Found a staircase to the Orcish Mines.
  9764 | D:9      | Noticed a white ugly thing
  9764 | D:9      | Noticed a boulder beetle
  9766 | D:9      | Noticed a green ugly thing
  9827 | D:9      | Killed a boulder beetle
 10190 | D:9      | Killed a green ugly thing
 10191 | D:9      | Reached skill level 15 in Unarmed Combat
 10271 | D:10     | Entered Level 10 of the Dungeon
 10384 | D:10     | Found a staircase to the Lair.
 10525 | D:10     | Noticed a two-headed ogre
 10533 | D:10     | Killed a two-headed ogre
 10534 | D:10     | Reached XP level 11. HP: 38/79 MP: 7/14
 10974 | D:10     | Noticed a two-headed ogre
 11013 | D:10     | Killed a two-headed ogre
 11676 | Lair:1   | Entered Level 1 of the Lair of Beasts
 11703 | Lair:1   | Found a gate leading to a gauntlet.
 13016 | Lair:2   | Noticed a catoblepas
 13294 | Lair:2   | Killed a catoblepas
 13347 | Lair:2   | Found a hide-covered altar of Uskayaw.
 13450 | Lair:2   | Noticed a skyshark
 13459 | Lair:2   | Killed a skyshark
 13521 | Lair:2   | Found a hole to the Spider Nest.
 13536 | Lair:2   | Reached XP level 12. HP: 85/85 MP: 13/15
 13957 | Lair:2   | Reached skill level 1 in Shields
 14536 | D:9      | Found an ornate altar of the Wu Jian Council.
 14550 | D:9      | Found a hazy altar of Hepliaklqana.
 14668 | D:8      | Bought a scroll of blinking for 105 gold pieces
 14670 | D:8      | Bought 3 scrolls of identify for 84 gold pieces
 14706 | Orc:1    | Entered Level 1 of the Orcish Mines
 15102 | Orc:2    | Entered Level 2 of the Orcish Mines
 15203 | Orc:2    | Found a staircase to the Elven Halls.
 15514 | Orc:2    | Noticed a two-headed ogre
 15533 | Orc:2    | Killed a two-headed ogre
 15612 | Orc:2    | Found Fiyca's Jewellery Emporium.
 15612 | Orc:2    | Noticed a two-headed ogre
 15638 | Orc:2    | Killed a two-headed ogre
 16107 | D:11     | Found a frozen archway.
 16570 | IceCv    | Entered an ice cave
 17206 | D:11     | Noticed Sonja
 17212 | Abyss:1  | Cast into level 1 of the Abyss (Sonja)
 17222 | D:11     | Escaped the Abyss
 17228 | D:11     | Killed Sonja
 17969 | D:12     | Learned a level 5 spell: Blade Hands
 18384 | Lair:3   | Found a staircase to the Swamp.
 18394 | Lair:3   | Reached skill level 5 in Fighting
 18435 | Lair:3   | Noticed Rupert
 18454 | Lair:3   | Noticed a four-headed hydra
 18494 | Lair:3   | Reached XP level 13. HP: 100/100 MP: 14/17
 19455 | Lair:4   | Bought a +0 pair of gloves of strength for 149 gold pieces
 19455 | Lair:4   | Bought a +2 cloak of willpower for 279 gold pieces
 19600 | Lair:4   | Found a corrupted altar of Lugonu.
 19600 | Lair:4   | Found a one-way gate to the infinite horrors of the Abyss.
 19829 | Lair:4   | Noticed Nessos
 19981 | Lair:4   | Killed Nessos
 21149 | Lair:3   | Killed Rupert
 21478 | Spider:1 | Entered Level 1 of the Spider Nest
 21571 | Lair:2   | Noticed a ghost moth
 21574 | Lair:2   | HP: 5/104 [ghost moth (6)]
 22285 | D:12     | Identified 2 scrolls of acquirement
 22286 | D:12     | Acquired the ring of Wotelypaet {rPois rC+ rN+ Str+2
                  | Slay+2}
 22287 | D:12     | Acquired the +0 pair of gloves of Okawaru's Respect {rN+
                  | Int+3 Dex+2 Stlth+}
 22611 | D:13     | Reached skill level 5 in Dodging
 22866 | D:13     | Gained mutation: Your tail ends in a venomous barb. [Green
                  | Draconian growth]
 22866 | D:13     | Reached XP level 14. HP: 113/113 MP: 7/18
 22897 | D:13     | Noticed Maurice
 22927 | D:13     | Killed Maurice
 23872 | D:14     | Identified the +1 quarterstaff "Zifoyra" {protect, Contam
                  | rPois Dex+6}
 24157 | D:14     | Reached skill level 10 in Transmutations
 24328 | D:14     | Found a gate to the Vaults.
 24811 | D:15     | Entered Level 15 of the Dungeon
 24893 | D:15     | Noticed Roxanne
 24974 | D:15     | Found Goenyosch's Armour Emporium.
 24982 | D:15     | Bought the +2 hood of the Assassin {Detect Stab+ Stlth++}
                  | for 1080 gold pieces
 24982 | D:15     | Found the +2 hood of the Assassin {Detect Stab+ Stlth++}
 25057 | D:15     | Noticed Kirke
 25300 | D:15     | Found Acsudus's Magic Scroll Emporium.
 25301 | D:15     | Found Ruvin's Magic Scroll Shop.
 25308 | D:15     | Bought 2 scrolls of blinking for 225 gold pieces
 25456 | D:15     | Found Zapn's Distillery.
 25463 | D:15     | Bought a potion of curing for 42 gold pieces
 25463 | D:15     | Bought a potion of heal wounds for 70 gold pieces
 25603 | D:15     | Found Ysylohol's Book Boutique.
 26007 | D:15     | Reached XP level 15. HP: 107/124 MP: 9/19
 27039 | Orc:2    | Bought the ring "Podahal" {rElec SInv} for 464 gold pieces
 27487 | Orc:2    | Found Ethraerr's Antique Weapon Shop.
 27492 | Orc:2    | Paralysed by an orc sorcerer for 3 turns
 27532 | Orc:2    | Found Tejit's Distillery.
 27618 | Orc:2    | Bought 3 potions of heal wounds for 195 gold pieces
 27618 | Orc:2    | Bought a potion of heal wounds for 65 gold pieces
 27631 | Orc:2    | Found a radiant altar of Vehumet.
 27634 | Orc:2    | Noticed Erolcha
 27642 | Orc:2    | Killed Erolcha
 27676 | Orc:2    | Found an ancient bone altar of Kikubaaqudgha.
 27788 | Orc:2    | Found Faotibeph's Jewellery Shop.
 27851 | Orc:1    | Noticed Harold
 27863 | Orc:1    | Killed Harold
 28317 | Orc:2    | Found Jentaatu's Antique Armour Boutique.
 28883 | Spider:1 | Noticed Azrael
 28918 | Swamp:1  | Entered Level 1 of the Swamp
 29075 | Swamp:1  | Found a transporter.
 29079 | Swamp:1  | Noticed a hellephant
 29331 | D:15     | Killed Kirke
 29377 | D:15     | Bought a Trismegistus Codex for 364 gold pieces
 29377 | D:15     | Bought Ozocubu's Autobiography for 336 gold pieces
 29381 | D:15     | Learned a level 3 spell: Ignite Poison
 29946 | Swamp:1  | Noticed Donald
 30257 | Swamp:1  | Noticed Tang's ghost (journeyman VSBr)
 30337 | Swamp:1  | Found a transporter.
 30705 | Swamp:2  | Reached skill level 10 in Fighting
 31095 | Swamp:2  | Identified the +4 great sword of Siveran's Anguish {drain,
                  | SInv}
 31919 | Swamp:3  | Noticed a thorn hunter
 32008 | Swamp:3  | Reached XP level 16. HP: 116/135 MP: 15/23
 32017 | Swamp:3  | Reached skill level 5 in Spellcasting
 32189 | Swamp:3  | Noticed Jorgrun
 32198 | Swamp:3  | Noticed a thorn hunter
 32567 | Swamp:3  | Killed Jorgrun
 33019 | Swamp:3  | Killed a thorn hunter
 33054 | Swamp:3  | Killed a thorn hunter
 33443 | Swamp:4  | Entered Level 4 of the Swamp
 34816 | Swamp:4  | Noticed a thorn hunter
 35337 | D:15     | Found a staircase to the Depths.
 35481 | Depths:1 | Entered Level 1 of the Depths
 35745 | Lair:2   | Bought the ring "Ciucuxtu" {rF+ Str+6} for 750 gold pieces
 35834 | Spider:1 | Killed Azrael
 36121 | Spider:1 | Reached XP level 17. HP: 67/144 MP: 0/24
 37016 | Spider:1 | Gained mutation: You are weak. (Str -2) [mutagenic glow]
 37727 | Spider:2 | Paralysed by a jorogumo for 3 turns
 38663 | Spider:3 | Found the +2 Maxwell's thermic engine {flame, freeze, rev}
 39408 | Spider:3 | Noticed Agnes
 39417 | Spider:3 | Killed Agnes
 39659 | Spider:4 | Entered Level 4 of the Spider Nest
 40621 | Spider:4 | Bought the ring of Litad {Fly rN+ Dex+3} for 665 gold
                  | pieces
 41075 | Spider:4 | Noticed Bai Suzhen
 41121 | Spider:4 | Killed Bai Suzhen
 41371 | Spider:4 | Learned a level 7 spell: Dragon Form
 41799 | Spider:4 | Reached XP level 18. HP: 118/151 MP: 1/25
 42093 | Spider:4 | Got a gossamer rune of Zot
 42097 | Spider:4 | Identified the +0 hat of Fedhas's Approval {Int+3 Dex+4}
 42437 | Swamp:1  | Killed Donald
 43220 | Swamp:4  | Got a decaying rune of Zot
 43506 | Vaults:1 | Entered Level 1 of the Vaults
 43632 | Vaults:1 | Identified the ring of Viacin {Wiz rC+}
 43917 | Vaults:1 | Found Ecliloat's Armour Boutique.
 43945 | Vaults:1 | Acquired the Almanac of the Barrage
 43953 | Vaults:1 | Learned a level 5 spell: Irradiate
 44754 | Vaults:1 | Noticed Saint Roka
 44902 | Vaults:1 | Reached skill level 27 in Unarmed Combat
 45470 | Vaults:2 | Identified the staff of air "Feuzyh" {rElec rPois}
 45522 | Vaults:2 | Reached skill level 15 in Transmutations
 45806 | Vaults:2 | Reached XP level 19. HP: 157/157 MP: 13/26
 46314 | Vaults:2 | Found Hatujacw's Assorted Antiques.
 47750 | Vaults:3 | Found a staircase to the Crypt.
 47750 | Vaults:3 | Noticed Aizul
 47758 | Vaults:3 | Killed Aizul
 48135 | Vaults:3 | Noticed Mennas
 48146 | Vaults:3 | Reached skill level 1 in Evocations
 48694 | Vaults:3 | Found a staircase to the Crypt.
 48857 | Vaults:3 | Killed Mennas
 49396 | Crypt:1  | Entered Level 1 of the Crypt
 49586 | Vaults:4 | Identified the +1 broad axe "Pugipluc" {freeze, rF+ Str+4
                  | Dex+2}
 49962 | Vaults:4 | Reached XP level 20. HP: 168/168 MP: 22/30
 50796 | Vaults:4 | Reached skill level 10 in Dodging
 51511 | Elf:1    | Entered Level 1 of the Elven Halls
 52106 | Elf:1    | Found a runed translucent gate.
 52106 | Elf:1    | Found a runed translucent gate.
 52106 | Elf:1    | Found a runed translucent gate.
 52719 | Elf:2    | Found a runed translucent door.
 52758 | Elf:2    | Found a runed translucent door.
 54109 | Elf:3    | Entered Level 3 of the Elven Halls
 54362 | Elf:3    | Got Cufadit's Essays on Battle Magic
 54369 | Elf:3    | Learned a level 2 spell: Lesser Beckoning
 54619 | Elf:3    | Noticed Asterion
 54628 | Elf:3    | Killed Asterion
 54629 | Elf:3    | Reached skill level 1 in Translocations
 54809 | Abyss:3  | Cast into level 3 of the Abyss (a deep elf sorcerer)
 55066 | Abyss:3  | Reached XP level 21. HP: 148/163 MP: 12/26
 55090 | Elf:3    | Escaped the Abyss
 55250 | Elf:3    | Acquired the amulet of Viydoff {Acrobat Rampage +Inv MP+9}
 55282 | Elf:3    | Found the +7 Spriggan's Knife {stab, EV+4 Stlth+}
 55293 | Elf:3    | Identified the +4 scale mail of the Hunter {rF- Str+3
                  | Dex+8}
 55295 | Abyss:3  | Cast into level 3 of the Abyss (a deep elf sorcerer)
 55416 | Abyss:3  | Reached skill level 15 in Fighting
 55528 | Abyss:3  | Found a corrupted altar of Lugonu.
 55617 | Abyss:3  | Found a corrupted altar of Lugonu.
 55677 | Elf:3    | Escaped the Abyss
 56161 | Elf:3    | Identified the +0 pair of boots "Ylege" {rPois rF+ Int+2}
 56169 | Elf:3    | Identified the +3 short sword "Hoagg" {antimagic, rCorr}
 56201 | Elf:3    | Identified the ring "Binoug" {rF++ EV+5 Slay+2 Stlth+}
 56223 | Elf:3    | Identified the +3 hand axe of Fear {flame, Str+5}
 56243 | Elf:3    | Identified the +1 sling of Cheese {heavy, rElec rPois rC+
                  | rN+}
 57064 | Depths:1 | Found a transporter.
 57066 | Depths:1 | Noticed Kabe's ghost (veteran BaIE)
 57067 | Depths:1 | Noticed a golden dragon
 57081 | Depths:1 | Found a transporter.
 57271 | Depths:1 | Found a broken altar of Ashenzari.
 57396 | Depths:1 | Found a stormy altar of Qazlal.
 57426 | Depths:1 | Bought a faintly glowing marble ring for 180 gold pieces
 57426 | Depths:1 | Identified the ring "Zeitzi" {rPois Slay+2} (You bought it
                  | in a shop on level 1 of the Depths)
 57594 | Depths:1 | Found a gateway to Hell.
 57695 | Depths:2 | Reached XP level 22. HP: 200/200 MP: 33/33
 57871 | Depths:2 | Found a one-way gate leading to the halls of Pandemonium.
 57894 | Depths:2 | Found a one-way gateway to a ziggurat.
 58414 | Depths:3 | Reached skill level 15 in Dodging
 58822 | Depths:3 | Found a runed translucent gate.
 58822 | Depths:3 | Found a runed translucent gate.
 58822 | Depths:3 | Found a runed translucent gate.
 58827 | Depths:3 | Found an opulent altar of Gozag.
 58837 | Depths:3 | Noticed Brickman's ghost (adept FeBe)
 58940 | Depths:3 | Noticed Vv
 59099 | Depths:3 | Killed Vv
 59209 | Depths:3 | Noticed a juggernaut
 59226 | Depths:3 | Killed a juggernaut
 59289 | Depths:3 | Noticed a juggernaut
 59292 | Depths:3 | Killed a juggernaut
 59388 | Depths:3 | Noticed a juggernaut
 59393 | Depths:3 | Killed a juggernaut
 59400 | Depths:3 | Noticed a juggernaut
 59402 | Depths:3 | Killed a juggernaut
 60317 | Depths:4 | Entered Level 4 of the Depths
 60385 | Depths:4 | Reached XP level 23. HP: 215/215 MP: 35/35
 60812 | Depths:4 | Found a gate to the Realm of Zot.
 61778 | Lair:5   | Entered Level 5 of the Lair of Beasts
 62131 | Lair:5   | Identified the amulet of Dypnog {Reflect rN+++ Will+ Int-5
                  | Dex-2 SH+5}
 62312 | Lair:5   | Found a runed translucent door.
 62314 | Lair:5   | Found a staircase to the Slime Pits.
 63028 | Lair:5   | Bought a transparent orb for 364 gold pieces
 63028 | Lair:5   | Identified the orb of the Loofah {light, rElec rF- Will+}
                  | (You bought it in a shop on level 5 of the Lair of Beasts)
 63031 | Lair:5   | Bought a scroll of acquirement for 676 gold pieces
 63032 | Lair:5   | Acquired 731 gold pieces
 63074 | Slime:1  | Entered Level 1 of the Pits of Slime
 63111 | Slime:1  | Gained mutation: You occasionally shout uncontrollably at
                  | your foes. [a shining eye]
 63234 | Slime:1  | Gained mutation: You are frail. (-10% HP) [a shining eye]
 63235 | Slime:1  | Gained mutation: You sometimes lose your temper in combat.
                  | [a shining eye]
 63236 | Slime:1  | Gained mutation: You expend magic power (3 MP) to
                  | strengthen your wands. [a shining eye]
 63244 | Slime:1  | Lost mutation: You sometimes lose your temper in combat.
                  | [potion of mutation]
 63244 | Slime:1  | Lost mutation: You expend magic power (3 MP) to strengthen
                  | your wands. [potion of mutation]
 63244 | Slime:1  | Gained mutation: You are clumsy. (Dex -2) [potion of
                  | mutation]
 63244 | Slime:1  | Gained mutation: You have an increased reservoir of magic.
                  | (+10% MP) [potion of mutation]
 63244 | Slime:1  | Gained mutation: You are very frail. (-20% HP) [potion of
                  | mutation]
 63244 | Slime:1  | Gained mutation: You have a pair of small antennae on your
                  | head. [potion of mutation]
 63389 | Slime:1  | Gained mutation: You are vulnerable to cold. (rC-) [a
                  | shining eye]
 63391 | Slime:1  | Gained mutation: You are extremely frail. (-30% HP) [a
                  | shining eye]
 63798 | Slime:3  | Noticed Dissolution
 63802 | Slime:3  | Paralysed by a floating eye for 4 turns
 63809 | Slime:3  | Killed Dissolution
 64089 | Slime:3  | Lost mutation: You have a pair of small antennae on your
                  | head. [potion of mutation]
 64089 | Slime:3  | Lost mutation: You are weak. (Str -2) [potion of mutation]
 64089 | Slime:3  | Lost mutation: You occasionally shout uncontrollably at
                  | your foes. [potion of mutation]
 64089 | Slime:3  | Lost mutation: You have an increased reservoir of magic.
                  | (+10% MP) [potion of mutation]
 64089 | Slime:3  | Lost mutation: You are vulnerable to cold. (rC-) [potion of
                  | mutation]
 64090 | Slime:3  | Lost mutation: You are clumsy. (Dex -2) [potion of
                  | mutation]
 64090 | Slime:3  | Lost mutation: You are extremely frail. (-30% HP) [potion
                  | of mutation]
 64090 | Slime:3  | Lost mutation: You are very frail. (-20% HP) [potion of
                  | mutation]
 64090 | Slime:3  | Gained mutation: You have hidden genetic potential. [potion
                  | of mutation]
 64090 | Slime:3  | Gained mutation: Your flesh is heat resistant. (rF+)
                  | [potion of mutation]
 64090 | Slime:3  | Gained mutation: You have great hidden genetic potential.
                  | [potion of mutation]
 64090 | Slime:3  | Gained mutation: Your flesh is very heat resistant. (rF++)
                  | [potion of mutation]
 65114 | Slime:3  | Learned a level 5 spell: Alistair's Intoxication
 65559 | Vaults:5 | Entered Level 5 of the Vaults
 66153 | Vaults:5 | Reached XP level 24. HP: 207/207 MP: 35/35
 66273 | Vaults:5 | Noticed an ancient lich
 66279 | Vaults:5 | Killed an ancient lich
 66288 | Vaults:5 | Noticed Mara
 66295 | Vaults:5 | Noticed Siveran's illusion
 66298 | Vaults:5 | Killed Mara
 66383 | Vaults:5 | Identified the +12 great mace of Xaxa Rau {flame, rPois rN+
                  | Will++ Int-5 Stlth+}
 66400 | Vaults:5 | Identified the +6 glaive "Lavyx" {drain, Str+7}
 66567 | Vaults:5 | Identified the +4 falchion "Lynt" {flame, rN+ Int+3}
 66576 | Vaults:5 | Got the Quarto of Interference
 66588 | Vaults:5 | Got a silver rune of Zot
 66600 | Vaults:5 | Identified the +3 plate armour of the Maze {Fly rPois Str+4
                  | Int-3}
 66602 | Vaults:5 | Identified the staff of air "Reengid" {Drain rElec Str+2
                  | Dex+5}
 66729 | Vaults:5 | Identified the +9 long sword "Kuhuo" {antimagic, +Blink
                  | Will+ rCorr SInv}
 67910 | Vaults:5 | Found Midin's Magic Scroll Shoppe.
 68435 | Zot:1    | Entered Level 1 of the Realm of Zot
 68573 | Zot:1    | Gained mutation: Your natural rate of healing is unusually
                  | fast. [mutagenic glow]
 68578 | Zot:1    | Gained mutation: You heal very quickly. [hidden potential]
 69861 | Zot:1    | Identified the staff of cold "Taleil" {rC+ Str+3 Int+3}
 69898 | Zot:1    | Identified the +2 dagger "With Two Names" {drain, Int+2
                  | Dex-5 SInv Stlth+}
 70346 | Zot:2    | Reached XP level 25. HP: 220/220 MP: 33/35
 70691 | Zot:2    | Noticed Grunn
 70692 | Zot:2    | Noticed a shard shrike
 70695 | Zot:2    | Killed Grunn
 70704 | Zot:2    | Killed a shard shrike
 71395 | Zot:2    | Noticed Parghit
 71399 | Zot:2    | Killed Parghit
 71881 | Zot:3    | Gained mutation: Your mind is acute. (Int +4, Str/Dex -1)
                  | [hidden potential]
 71881 | Zot:3    | Lost mutation: You have great hidden genetic potential.
                  | [hidden potential expressed]
 71902 | Zot:3    | Identified the +5 rapier of Welfare {holy, rPois rC- Int-3
                  | Stlth+}
 71994 | Zot:3    | You fall into a shaft and drop 1 floor!
 72722 | Zot:4    | Reached skill level 5 in Evocations
 72833 | Zot:4    | Reached XP level 26. HP: 234/234 MP: 35/35
 73147 | Zot:5    | Entered Level 5 of the Realm of Zot
 73249 | Zot:5    | Noticed an orb of fire
 73259 | Zot:5    | Killed an orb of fire
 73676 | Zot:5    | Found Xeoruud's Changing Room.
 73762 | Zot:5    | Noticed a dread lich
 73770 | Zot:5    | Noticed an ancient lich
 73771 | Zot:5    | Killed a dread lich
 73773 | Zot:5    | Noticed an orb of fire
 73822 | Zot:5    | Noticed an orb of fire
 73833 | Zot:5    | Noticed an orb of fire
 73834 | Zot:5    | Noticed an orb of fire
 73839 | Zot:5    | Killed an orb of fire
 73852 | Zot:5    | Killed an orb of fire
 73858 | Zot:5    | Killed an orb of fire
 73862 | Zot:5    | Noticed an ancient lich
 73868 | Zot:5    | Killed an ancient lich
 74036 | Zot:5    | Killed an orb of fire
 74043 | Zot:5    | Killed an ancient lich
 74253 | Zot:5    | Learned a level 3 spell: Vhi's Electric Charge
 74720 | Crypt:1  | Reached skill level 1 in Air Magic
 74987 | Crypt:1  | Found a transporter.
 75211 | Crypt:1  | Found a transporter.
 75651 | Crypt:2  | Found a magical portal.
 75660 | WizLab   | Entered Maxwell's Workshop
 75684 | WizLab   | Gained mutation: Your tail ends in a sharp venomous barb.
                  | [hidden potential]
 75983 | WizLab   | Identified the ring of Xom's Bemusement {Fire rN+}
 75985 | WizLab   | Identified the ring of Niguss {Fire rN+}
 76173 | WizLab   | Identified the +0 robe "Goraphou" {SInv}
 76989 | Crypt:2  | Noticed a dread lich
 76990 | Crypt:2  | Paralysed by a dread lich for 5 turns
 76997 | Crypt:2  | Killed a dread lich
 76998 | Crypt:2  | Reached skill level 5 in Translocations
 77416 | Crypt:3  | Entered Level 3 of the Crypt
 77992 | Crypt:3  | Reached skill level 27 in Fighting
 78160 | Crypt:3  | Reached skill level 10 in Evocations
 78210 | Crypt:3  | Noticed Jory
 78212 | Crypt:3  | Reached XP level 27. HP: 245/245 MP: 28/35
 78218 | Crypt:3  | Killed Jory
 78260 | Crypt:3  | Found the +8 mithril axe "Arga" {speed, Will+}
 78262 | Crypt:3  | Found the +11 Singing Sword {sonic wave}
 78266 | Crypt:3  | Identified the ring of Ekhleing {rElec rPois rF+ rN+ Int+3}
 78266 | Crypt:3  | Identified the ring of Peorur {rN+ Stlth+}
 78281 | Crypt:3  | Identified the ring "Ysipp" {rF- Str+3 Dex+3 SInv}
 78366 | Crypt:3  | Got the Elucidation of Ghastly Permutations
 78743 | Crypt:3  | Found a shimmering blue altar of Sif Muna.
 78743 | Crypt:3  | Identified the +3 plate armour of the Crypt {rF+ Str+4}
 78743 | Crypt:3  | Identified the amulet "Zudwif" {RegenMP Int+2}
 78888 | Crypt:3  | Got the Tome of Calling
 78893 | Crypt:3  | Got the Parchment of Apparitions
 79018 | Crypt:3  | Found a staircase to the Tomb.
 79132 | Crypt:3  | Identified the ring "Oqaciy" {rC+ Int+3 SInv}
 80035 | Zot:5    | Got the Orb of Zot
 80290 | Depths:1 | Noticed Rovvis the pandemonium lord
 80295 | Depths:1 | Killed Rovvis the pandemonium lord
 80572 | D:5      | Noticed Noitu the pandemonium lord
 80663 | D:$      | Escaped with the Orb!

Illustrated notes

Levels and vault maps discovered:
D:1:      psy_arrival_fountain, layout_loops_cross,
          hellmonk_ecumenical_altar_run_dry
D:2:      layout_loops_ring, st_stairs_8, uniq_natasha
D:3:      layout_rooms, serial_aquarium, aquarium_bridge_long_separate
          [aquarium_subvault_wall, aquarium_subvault_bridge,
          aquarium_subvault_bridge, aquarium_subvault_window,
          aquarium_subvault_window, aquarium_subvault_bridge],
          aquarium_window_1, aquarium_window_fake, aquarium_view_2d,
          aquarium_pool_four, st_stairs_6, minmay_misc_feat_five, uniq_sigmund,
          uniq_jessica
D:4:      layout_basic
D:5:      layout_rooms, uniq_crazy_yiuf_cottage
D:6:      layout_loops_ring, serial_shops, shop
D:7:      layout_basic, temple_hall, uniq_duvessa, uniq_joseph
D:8:      layout_cave_pools, serial_gnoll_camp, gnoll_camp_mini_hut,
          gnoll_camp_mini_loothouse, gnoll_camp_mini_hut, gnoll_camp_huts_basic,
          gnoll_camp_mini_shop, minmay_misc_feat_rows, uniq_psyche
D:9:      layout_basic, jmf_multi_god_temple2, serial_curves, eino_curves_01,
          eino_curves_04, grunt_tough_drop
D:10:     layout_basic, lair_entry_dummy
D:11:     layout_stronghold, portal_ice_cave_entry_ice_simulacra, uniq_sonja
D:12:     layout_long_grid
D:13:     layout_irregular_city, uniq_maurice
D:14:     layout_roguey, erik_vaults_1, special_room [special_room_orc]
D:15:     grunt_enter_depths_magical_seal, layout_gridville, serial_shops,
          nicolae_shop_temple_entry_statues_fountains, shop, shop, shop, shop,
          minmay_hollow_rounded_squares, uniq_kirke, uniq_roxanne
Temple:   nicolae_temple_slightly_damp_pantheon
Lair:1:   layout_misc_corridors, gauntlet_entry_generic, serial_bayou_crossing,
          grunt_megastairs_4, infiniplex_staircase_pool_2, serial_bayou_shore_b
Lair:2:   layout_cellular_growth, hellmonk_spider_entry_life_and_decay,
          basic_altar
Lair:3:   layout_chaotic_city, skrybe_swamp_entry_bodies,
          chequers_serial_rivers_marsh, pond, grunt_megastairs_2, uniq_rupert
Lair:4:   layout_small_grid, amcnicky_altar_lugonu_corruption, uniq_nessos
Lair:5:   due_jungle_book, layout_regular_city, slime_entry_2,
          serial_bayou_shore_a, grunt_megastairs_5
Swamp:1:  layout_basic_swamp, gammafunk_ghost_abyssal_escape, serial_swamp_ruin,
          evilmike_swamp_ruin_house_1, evilmike_swamp_ruin_rubble_2, uniq_donald
Swamp:2:  layout_basic_swamp, evilmike_swamp_ruin_house_4, swamp_pool3,
          grunt_lady_of_the_lake
Swamp:3:  layout_basic_swamp, nicolae_swamp_very_dense_foliage, swamp_pool2,
          cheibrodos_swamp_minitomb, infiniplex_staircase_pool, uniq_jorgrun
Swamp:4:  nzn_swamp_witches_coven, layout_basic_swamp, swamp_pool1,
          nicolae_swamp_alligator_family
Spider:1: nicolae_spider_hilbert_zone_3 [nicolae_spider_hilbert_4_sides_2_open,
          nicolae_spider_hilbert_3_sides_1_open,
          nicolae_spider_hilbert_3_sides_1_open,
          nicolae_spider_hilbert_3_sides_1_open,
          nicolae_spider_hilbert_3_sides_1_open,
          nicolae_spider_hilbert_4_sides_1_open,
          nicolae_spider_hilbert_4_sides_1_open,
          nicolae_spider_hilbert_4_sides_1_open,
          nicolae_spider_hilbert_4_sides_1_open,
          nicolae_spider_hilbert_4_sides_1_open,
          nicolae_spider_hilbert_4_sides_1_open,
          nicolae_spider_hilbert_4_sides_1_open,
          nicolae_spider_hilbert_4_sides_1_open,
          nicolae_spider_hilbert_3_sides_1_open,
          nicolae_spider_hilbert_3_sides_1_open,
          nicolae_spider_hilbert_3_sides_1_open,
          nicolae_spider_hilbert_3_sides_1_open], nicolae_spider_moth_buddies,
          uniq_azrael
Spider:2: layout_spider_delve, nicolae_spider_solar_radiation
Spider:3: layout_spider_delve, uniq_agnes
Spider:4: grunt_spider_rune_parallel, uniq_bai_suzhen
Slime:1:  layout_caves, cheibrodos_slime_lost_civilization_7
Slime:2:  layout_caves
Slime:3:  layout_caves, uniq_dissolution
Slime:4:  layout_caves
Orc:1:    layout_diamond_mine, uniq_harold
Orc:2:    kennysheep_orc_mage_school, layout_caves, enter_volcano_4,
          guppyfry_orc_lava_fort
Elf:1:    layout_gridlike, ploomutoo_gammafunk_ghost_potion_laboratory,
          evilmike_minifort
Elf:2:    elven_hall_of_blades_hangedman_original
          [nicolae_blade_entry_splitting_headache], layout_geoelf_octagon
Elf:3:    minmay_elf_hall_hex, layout_gridlike, minivault_25,
          minmay_elf_annihilation, uniq_asterion
Vaults:1: v_pattern_4, grunt_vaults_twisty, nicolae_vaults_bisected_exclaves,
          v_rooms_3, nicolae_vaults_mini_display_case,
          nicolae_vaults_little_squares_4, nicolae_vaults_stepped_doors,
          nicolae_vaults_tetromino_Z_1, nicolae_vaults_tetromino_L_1,
          grunt_vaults_hallway_long, layout_vaults_big_room, serial_shops, shop,
          uniq_saint_roka
Vaults:2: vaults_mumra_lcd, nicolae_vaults_trapezoid_4,
          nicolae_vaults_closet_pinwheel_4, grunt_vaults_hallway_short,
          nicolae_vaults_network_star, nicolae_vaults_little_squares_3,
          ontoclasm_vaults_gateway, nicolae_vaults_shrinking_rooms_2,
          v_pattern_3, nicolae_vaults_shelves_hall, hangedman_vaults_stream,
          v_rooms_6, nicolae_vaults_storage_room_water,
          nicolae_vaults_double_plus_3, layout_vaults_omnibox, serial_shops,
          nicolae_shop_statue_plus
Vaults:3: v_misc_19, v_misc_8, v_misc_5, ontoclasm_vaults_hangar,
          nicolae_vaults_offset_grid_hallway_1, grunt_vaults_swirl,
          nicolae_vaults_mitosis, nicolae_vaults_two_Ls,
          nicolae_vaults_off_center_swirl, nicolae_vaults_three_branches,
          grunt_vaults_hallway_short, layout_vaults_maze_snakey,
          dummy_crypt_entry, uniq_aizul, uniq_mennas
Vaults:4: nicolae_vaults_tetromino_T_2, hangedman_vaults_snaps,
          nicolae_vaults_frosty_reception, nicolae_vaults_little_squares_1,
          vaults_dpeg_diagonal, hangedman_vaults_slice,
          nicolae_vaults_double_plus_1, nicolae_vaults_closet_pinwheel_1,
          nicolae_vaults_little_squares_1, nicolae_vaults_trapezoid_lopsided_2,
          nicolae_vaults_storage_closets_2, hangedman_vaults_slice, v_misc_23,
          layout_vaults_ring
Vaults:5: serial_shops, uniq_mara
Crypt:1:  gammafunk_its_a_trap, layout_misc_corridors, glass_columns_a,
          grunt_crypt_arrival_webbed
Crypt:2:  layout_catacombs, mu_enter_wizlab_2
Crypt:3:  due_elkab, layout_chaotic_city, hangedman_summoners_spam
Depths:1: layout_basic, special_room [special_room_mythical_zoo],
          nicolae_qazlal_eye_of_the_storm, hell_entry, gammafunk_ghost_arena,
          amcnicky_mini_pool_small, evilmike_ruin_ashenzari
Depths:2: minmay_diamond_stairs, layout_cave_pools, enter_ziggurat_e,
          grunt_pan_entry_spiral, hell_entry, minmay_misc_feat_rugged
Depths:3: lemuel_castle_with_subvaults [lemuel_castle_interior_carwin_3],
          layout_honeycomb, ebering_ghost_gozag, abyss_entry, pan_entry,
          grunt_hell_horde, chequers_serial_rivers_micro_e, uniq_vv
Depths:4: grunt_zot_entry_alcove, layout_small_grid, grunt_hell_entry_dis_grunt,
          serial_sigils_hangedman_snap
Zot:1:    kennysheep_oblong_rooms, layout_cathedral_of_symmetry
Zot:2:    layout_basic, st_stairs_9, hangedman_zot_spectrum, grunt_megastairs_1,
          uniq_parghit, uniq_grunn
Zot:3:    layout_misc_corridors, grunt_ministairs_10
Zot:4:    layout_misc_corridors
Zot:5:    layout_onion, nicolae_transmutations_shop

Skill      XL: |  1  2  3  4  5  6  7  8  9 10 11 12 13 14 15 16 17 18 19 20 21 22 23 24 25 26 27 |
---------------+----------------------------------------------------------------------------------+-----
Dodging        | 2 4 5 7 8 9 12 14 16 18 20 22 23 | 23.9
Fighting       | 2 5 7 9 10 11 12 14 17 19 22 24 25 27 | 27.0
Stealth        | 2 3 |  3.4
Unarmed Combat | 4 5 6 8 11 13 15 17 19 20 21 22 24 26 27 | 27.0
Poison Magic   | 1 2 3 |  3.0
Transmutations | 3 4 5 6 9 10 12 15 18 | 18.5
Shields        | 2 |  2.0
Spellcasting   | 3 4 5 6 7 8 9 |  9.0
Evocations     | 1 5 10 | 10.0
Translocations | 2 4 5 6 |  6.0
Air Magic      | 4 |  4.0

Action                     |  1- 3 |  4- 6 |  7- 9 | 10-12 | 13-15 | 16-18 | 19-21 | 22-24 | 25-27 || total
---------------------------+-------+-------+-------+-------+-------+-------+-------+-------+-------++-------
  Melee: Unarmed           |    99 |    94 |   222 |   670 |   744 |   876 |   810 |   899 |   849 ||  5263
         Headbutt          |     9 |    15 |    13 |    75 |    37 |       |       |       |       ||   149
         Tailslap          |     8 |     4 |    14 |    79 |   137 |   180 |   134 |   186 |   186 ||   928
         Kick              |    13 |    18 |    28 |   118 |    41 |       |       |       |       ||   218
         Punch             |     2 |     1 |     9 |     1 |    81 |   132 |   116 |   154 |   130 ||   626
         Bite              |       |       |       |       |       |     1 |    79 |   105 |    90 ||   275
  Throw: Dart              |       |       |       |    10 |     3 |       |       |       |       ||    13
   Cast: Beastly Appendage |    26 |    23 |    19 |    50 |    15 |       |       |       |       ||   133
         Summon Small Mamm |     7 |    16 |    10 |    17 |    14 |     2 |       |     1 |       ||    67
         Spider Form       |       |     1 |    16 |    28 |     1 |       |       |       |       ||    46
         Wereblood         |       |       |     1 |     6 |     6 |    12 |    12 |    14 |     7 ||    58
         Blade Hands       |       |       |       |       |    91 |   116 |     2 |       |       ||   209
         Ignite Poison     |       |       |       |       |     2 |     1 |     1 |     1 |       ||     5
         Dragon Form       |       |       |       |       |       |     1 |    54 |    60 |    62 ||   177
         Irradiate         |       |       |       |       |       |       |     4 |     8 |       ||    12
         Lesser Beckoning  |       |       |       |       |       |       |    33 |    63 |    19 ||   115
         Alistair's Intoxi |       |       |       |       |       |       |       |     2 |       ||     2
         Vhi's Electric Ch |       |       |       |       |       |       |       |       |    70 ||    70
 Invoke: Call Merchant     |       |       |       |       |     2 |     1 |     1 |     6 |     1 ||    11
         Bribe Branch      |       |       |       |       |       |       |       |       |     2 ||     2
Ability: End Transformatio |       |     1 |     1 |     2 |     1 |       |     1 |       |       ||     6
         Breathe Noxious F |       |       |    20 |    45 |    39 |    44 |    27 |    20 |    14 ||   209
  Evoke: Wand              |       |     5 |     2 |     5 |     3 |     1 |       |       |       ||    16
         Phantom mirror    |       |       |       |       |       |       |     1 |       |       ||     1
    Use: Scroll            |     4 |     4 |     2 |    16 |    15 |    13 |     3 |     2 |     6 ||    65
         Potion            |     1 |     4 |     1 |     4 |     4 |     4 |    11 |     4 |     9 ||    42
   Stab: Sleeping          |     3 |     2 |       |     3 |    13 |    32 |    13 |    10 |     7 ||    83
         Confused          |       |       |     8 |    47 |     9 |    25 |    20 |    10 |     6 ||   125
         Distracted        |       |       |       |     1 |     3 |    14 |    17 |    10 |    10 ||    55
         Invisible         |       |       |       |       |     1 |       |       |       |       ||     1
 Armour: Skin              |    33 |    30 |    27 |   126 |   154 |   194 |   206 |   202 |   160 ||  1132
  Dodge: Dodged            |    58 |    48 |   120 |   261 |   372 |   384 |   265 |   364 |   341 ||  2213
  Block: Buckler           |       |       |       |    95 |    73 |    17 |    24 |    27 |    29 ||   265
         Other             |       |       |       |       |       |       |       |       |    24 ||    24
         Reflection        |       |       |       |       |       |       |       |       |     2 ||     2
